 Dungeon Crawl Stone Soup version 0.23.0-3-gf3c87f2 (webtiles) character file.

Game seed: 15848732490311987413

106 Borgoz the Sneak (level 4, 0/35 HPs)
             Began as a Ghoul Enchanter on Feb 25, 2019.
             Slain by Blork the orc
             ... wielding a +0 dire flail
              (2 damage)
             ... on level 4 of the Dungeon.
             The game lasted 00:09:39 (3266 turns).

Borgoz the Sneak (Ghoul Enchanter)                  Turns: 3266, Time: 00:09:40

Health: 0/35       AC:  7    Str: 13    XL:     4   Next: 84%
Magic:  6/6        EV: 11    Int: 10    God:
Gold:   163        SH:  0    Dex: 10    Spells: 4/7 levels left

rFire    + . .     SeeInvis .   a - +1 dagger
rCold    + . .     Gourm    .   (no shield)
rNeg     + + +     Faith    .   c - +0 ring mail
rPois    ∞         Spirit   .   h - +0 helmet
rElec    .         Reflect  .   (no cloak)
rCorr    .         Harm     .   (no gloves)
MR       .....                  j - +0 pair of boots
Stlth    ++........             (no amulet)
HPRegen  0.00/turn              n - ring of protection from fire
MPRegen  0.10/turn              p - +2 ring of strength

@: rotting
A: rotting body, claws 1, carnivore, cold resistance 1, negative energy
resistance 3, inhibited regeneration, torment resistance, unbreathing
a: no special abilities


You were on level 4 of the Dungeon.
You were not hungry.

You visited 2 branches of the dungeon, and saw 5 of its levels.

You collected 163 gold pieces.

Inventory:

Hand Weapons
 a - a +1 dagger (weapon)
Missiles
 i - 21 poisoned needles
Armour
 b - a +0 robe
 c - a +0 ring mail (worn)
 h - a +0 helmet (worn)
 j - a +0 pair of boots (worn)
Jewellery
 f - an uncursed ring of positive energy
 k - an uncursed amulet of faith
 n - a ring of protection from fire (left claw)
 p - a +2 ring of strength (right claw)
Scrolls
 g - 2 scrolls of remove curse
 l - a scroll of identify
Potions
 m - a potion of flight
Comestibles
 d - 7 rations


   Skills:
 + Level 1.4 Fighting
 * Level 2.3 Short Blades
 * Level 2.7 Dodging
 + Level 3.7 Stealth
 + Level 2.2 Spellcasting
 - Level 2.4 Hexes


You had 4 spell levels left.
You knew the following spells:

 Your Spells              Type           Power        Failure   Level  Hunger
a - Corona                Hex            #......      26%         1    ##.....
b - Ensorcelled Hibernat  Hex/Ice        #.....       52%         2    ###....

Your spell library contained the following spells:

 Spells                   Type           Power        Failure   Level  Hunger
 Confuse                  Hex            #.......     58%         3    ####...
 Tukima's Dance           Hex            #.......     58%         3    ####...
 Dazzling Spray           Conj/Hex       #.....       77%         3    ####...


Dungeon Overview and Level Annotations

Branches:
Dungeon (4/15)             Temple (1/1) D:4

Altars:
Dithmenos
Elyvilon
Hepliaklqana
Kikubaaqudgha
Makhleb
Nemelex Xobeh
Okawaru
Qazlal
Ru
Trog
Uskayaw
Vehumet
Wu Jian
Zin
The Shining One

Annotations:
D:3 Eustachio
D:4 Blork the orc, Dowan, Duvessa, Edmund


Innate Abilities, Weirdness & Mutations

Your body is rotting away.
You thrive on raw meat.
You are immune to poison.
You have sharp fingernails.
You are carnivorous and can eat meat at any time.
Your flesh is cold resistant. (rC+)
You are immune to negative energy. (rN+++)
You do not regenerate when monsters are visible.
You are immune to unholy pain and torment.
You can survive without breathing.


Message History

All of the chunks of flesh in your inventory have rotted away.
Duvessa gestures with her weapon.
Found a hunting sling.
Duvessa says, "My weaknesses are his strengths!"
Found a ration.
Duvessa says, "When magic and the sword combine, nothing stands against them."
You see here a ration.
Found 12 arrows.
Edmund says, "I'm quite good with sums, too."
Found an escape hatch in the ceiling.
A scorpion comes into view.
You see here 12 arrows.
Blork the orc comes into view.
He is wielding a +0 dire flail.
Blork the orc shouts!
Duvessa yells, "You can run, but you cannot escape us forever!"
Found 11 sling bullets.
An orc comes into view. It is wielding a +0 hand axe.
There is an escape hatch in the ceiling here.
Blork the orc hits you with a +0 dire flail.
You die...

** #...## #..#
*,** ,** #...#
#.e# *,* *,**
#..## #..# *,*
*,,** ##.# #..#
*,* **,,** ##*
#..# *,* **,,*
#.(## *,* **,>*
##@..## *,* **,,,*
####e....## **,*
,,,,,*
*#..o@.s...#***,,*
,,,,,**
#.....####...#,,**
,,,,,,** *#....##
*#...,**
,,*,,,,***#.....*
*####*
*****,,,*#......*
**,,,.....o#*
**,,.(###.,*
***##* ##,* **,*


You could see Edmund, Duvessa, Blork the orc, Dowan, a scorpion and an orc
(wandering).

Vanquished Creatures
  4 gnolls (D:3)
  An adder (D:3)
  3 dart slugs
  2 leopard geckos
  2 ball pythons
  7 bats
  6 giant cockroaches
  5 goblins
  5 hobgoblins
  7 kobolds
  2 frilled lizards
  7 rats
51 creatures vanquished.

Notes
Turn   | Place    | Note
-------+----------+-------------------------------------------
     0 | D:1      | Borgoz the Ghoul Enchanter began the quest for the Orb.
     0 | D:1      | Reached XP level 1. HP: 14/14 MP: 2/2
    20 | D:1      | Reached skill level 1 in Short Blades
   429 | D:1      | Reached XP level 2. HP: 14/20 MP: 0/3
   598 | D:1      | Learned a level 2 spell: Ensorcelled Hibernation
   934 | D:2      | Reached XP level 3. HP: 24/27 MP: 4/4
  1587 | D:2      | Found a burning altar of Makhleb.
  1940 | D:3      | Reached skill level 1 in Fighting
  2458 | D:3      | Reached XP level 4. HP: 31/35 MP: 1/6
  2870 | D:3      | Found an ornate altar of the Wu Jian Council.
  3025 | D:4      | Noticed Eustachio
  3026 | D:4      | Found a staircase to the Ecumenical Temple.
  3026 | D:4      | Noticed Dowan
  3026 | D:4      | Noticed Duvessa
  3031 | D:4      | Noticed Edmund
  3041 | Temple   | Entered the Ecumenical Temple
  3264 | D:4      | Noticed Blork the orc
  3266 | D:4      | Slain by Blork the orc

Skill      XL: |  1  2  3  4 |
---------------+-------------+-----
Short Blades   | 1 2 |  2.3
Dodging        | 2 |  2.7
Spellcasting   | 2 |  2.2
Fighting       | 1 |  1.4
Stealth        | |  3.7
Hexes          | |  2.4

Action                   |  1- 3 |  4- 6 || total
-------------------------+-------+-------++-------
Melee: Dagger            |   225 |    61 ||   286
 Cast: Corona            |    30 |    11 ||    41
       Ensorcelled Hiber |     1 |     2 ||     3
  Use: Scroll            |     4 |     2 ||     6
       Potion            |     3 |     2 ||     5
 Stab: Sleeping          |     3 |     1 ||     4
  Eat: Chunk             |    14 |     3 ||    17
Armor: Robe              |    35 |       ||    35
       Ring mail         |    41 |    24 ||    65
Dodge: Dodged            |   158 |    42 ||   200
